 Seeded DCSS version 0.31-a0-848-gaac375c287 (webtiles) character file.

Game seed: 20231004 (custom seed)

55 retardedninja the Firebug (level 3, -2/19 HPs)
             Began as a Gargoyle Fire Elementalist on Oct 4, 2023.
             Slain by a gnoll
             ... wielding a +0 club
              (4 damage)
             ... on level 1 of the Dungeon.
             The game lasted 00:02:52 (2318 turns).

retardedninja the Firebug (GrFE)                    Turns: 2318, Time: 00:02:52

Health: -2/19      AC:  6    Str: 11    XL:     3   Next: 93%
Magic:  4/6        EV: 12    Int: 17    God:
Gold:   62         SH:  5    Dex: 10    Spells: 3/6 levels left

rFire   . . .        j - +0 flail
rCold   . . .        (no shield)
rNeg    + . .        a - +0 robe
rPois   ∞            (no helmet)
rElec   +            (no cloak)
rCorr   .            (no gloves)
SInv    .            h - +0 pair of boots
Will    .....        c - amulet of reflection
Stlth   ++           (no ring)
HPRegen 0.23/turn    (no ring)
MPRegen 0.10/turn

%: reflection
@: no status effects
A: sickness immunity, AC +3, negative energy resistance 1, electricity
resistance, torment resistance 1, petrification resistance
a: no special abilities


You were on level 1 of the Dungeon.
You visited 1 branch of the dungeon, and saw 2 of its levels.

You collected 62 gold pieces.

Inventory:

Hand Weapons
 j - a +0 flail (weapon)
Armour
 a - a +0 robe (worn)
 h - a +0 pair of boots (worn)
Jewellery
 c - an amulet of reflection (around neck)
Scrolls
 g - a scroll of fog {unknown}
 i - a scroll of revelation {unknown}
 k - a scroll of acquirement {unknown}
Potions
 d - 2 potions of haste {unknown}
 e - a potion of heal wounds {unknown}
 f - a potion of ambrosia {unknown}


   Skills:
 + Level 2.0 Dodging
 + Level 2.9 Stealth
 + Level 2.4 Spellcasting
 + Level 2.0 Conjurations
 + Level 3.3 Fire Magic


You had 3 spell levels left.
You knew the following spells:

 Your Spells              Type           Power      Damage    Failure   Level
a - Foxfire               Conj/Fire      44%        2x1d6     6%          1
b - Scorch                Fire           26%        2d6       7%          2

Your spell library contained the following spells:

 Spells                   Type           Power      Damage    Failure   Level
 Momentum Strike          Conj/Tloc      10%        3d8       19%         2
 Blink                    Tloc           4%         N/A       28%         2
 Lesser Beckoning         Tloc           4%         N/A       28%         2
 Inner Flame              Hex/Fire       7%         N/A       28%         3
 Volatile Blastmotes      Fire/Tloc      14%        2d11      28%         3
 Flame Wave               Conj/Fire      11%        2d6       52%         4
 Manifold Assault         Tloc           2%         N/A       88%         4


Dungeon Overview and Level Annotations

Branches:
Dungeon (2/15)

Altars:
Hepliaklqana


Innate Abilities, Weirdness & Mutations

You are immune to sickness and miasma.
Your stone body is resilient. (AC +3)
You are immune to poison.
You resist negative energy. (rN+)
You are resistant to electric shocks. (rElec)
You are resistant to unholy torment.
You are immune to petrification.


Message History

You start waiting.
Done waiting.
You start memorising the spell.
You continue memorising. x2
You finish memorising.
Spell assigned to 'b'.
You climb downwards.
The gnoll hits you with a +0 club.
There is a stone staircase leading up here.
The gnoll completely misses you. The gnoll hits you but does no damage.
The gnoll misses you.
You climb upwards.
There is a stone staircase leading down here.
Casting: Foxfire (safe; 6% risk of failure)
Confirm with . or Enter, or press ? or * to list all spells.
Flames lash the gnoll.
The gnoll is moderately wounded.
The gnoll's fire resistance burns away.
You block the gnoll's attack. The gnoll barely misses you.
Unknown command.
Casting: Scorch (safe; 7% risk of failure)
Confirm with . or Enter, or press ? or * to list all spells.
Flames lash the gnoll.
The gnoll is heavily wounded.
The gnoll's fire resistance burns away.
The gnoll hits you with a +0 whip. The gnoll hits you with a +0 club!
* * * LOW HITPOINT WARNING * * *
Casting: Scorch (safe; 7% risk of failure)
Confirm with . or Enter, or press ? or * to list all spells.
Flames lash the gnoll.
The gnoll is burned terribly!
You kill the gnoll!
You block the gnoll's attack.
Your Conjurations skill increases to level 2!
The gnoll attacks as it pursues you! The gnoll hits you but does no damage.
Magic courses through your body.
The gnoll is no longer more vulnerable to fire.
You block the gnoll's attack.
Casting: Scorch (safe; 7% risk of failure)
Confirm with . or Enter, or press ? or * to list all spells.
Flames lash the gnoll.
The gnoll is almost dead.
The gnoll's fire resistance burns away.
The gnoll hits you with a +0 club.
You die...

######## #......##########
#### ####.####.......@g)#
###...
#.......#..#######.#
#.....
#.##.##.#..###.....#
#.#.#.
#.##.##.#...##.###.#
#.#.#.
#.##.....††..#.###>#
#.#.#.
#.#####.#..........#
#.#.#.
.....#...#.##...##.#######
#.#...
.....#.#.........#.......#
#.####
#.#..#...#.##...########.#
#.####


You could see a gnoll (combustible).

Vanquished Creatures
  A gnoll (D:1)
  An adder (D:2)
  A dart slug (D:2)
  2 endoplasms
  5 giant cockroaches
  A hobgoblin (D:1)
  5 kobolds
  A quokka (D:1)
  7 ball pythons (D:1)
  A bat (D:1)
  A frilled lizard (D:1)
  3 goblins
  3 rats
32 creatures vanquished.

Vanquished Creatures (others)
  137 foxfires
137 creatures vanquished.

Grand Total: 169 creatures vanquished

Notes
Turn   | Place    | Note
-------+----------+-------------------------------------------
     0 | D:1      | retardedninja the Gargoyle Fire Elementalist began the
                  | quest for the Orb.
     0 | D:1      | Reached XP level 1. HP: 10/10 MP: 3/3
   333 | D:1      | Reached XP level 2. HP: 4/15 MP: 1/5
  1619 | D:2      | Reached XP level 3. HP: 19/19 MP: 2/6
  1844 | D:2      | Found a hazy altar of Hepliaklqana.
  2309 | D:1      | Learned a level 2 spell: Scorch
  2318 | D:1      | Slain by a gnoll

Illustrated notes

Levels and vault maps discovered:
D:1:      eino_arrival_water_cross, layout_loops_corners,
          chequers_serial_rivers_small_3, minivault_14, feat_on_display
D:2:      layout_basic, serial_shops, nicolae_shop_tiny_glass, basic_altar

Skill      XL: |  1  2  3 |
---------------+----------+-----
Dodging        | 2 |  2.0
Conjurations   | 2 |  2.0
Stealth        | |  2.9
Spellcasting   | |  2.4
Fire Magic     | |  3.3

Action                     || total
---------------------------++-------
  Melee: Unarmed           ||     2
         Flail             ||     1
   Cast: Foxfire           ||    86
         Scorch            ||     4
    Use: Potion            ||     1
 Armour: Robe              ||    28
  Dodge: Dodged            ||    16
  Block: Other             ||    16

Table legend: (Time is in decaauts)
 A = Elapsed time spent in this place.
 B = Non-inter-level travel time spent in this place.
 C = Inter-level travel time spent in this place.
 D = Time resting spent in this place.
 E = Time spent auto-exploring this place.
 F = Levels seen in this place.
 G = Mean time per level.
                   A        B        C        D        E       F      G
               +--------+--------+--------+--------+--------+-----+--------+
         Total |   2321 |   2256 |     65 |    244 |   1684 |   2 | 1160.5 |
       Dungeon |   2321 |   2256 |     65 |    244 |   1684 |   2 | 1160.5 |
               +--------+--------+--------+--------+--------+-----+--------+

Top non-repeatable levels by time:
     D:1: 1819 daAuts
     D:2: 501 daAuts
